 Dungeon Crawl Stone Soup version 0.29-a0-334-gb41bcbb86e (webtiles) character file.

Game seed: 4551478730173902757

280 rabbitsville the Conjurer (level 6, 0/44 HPs)
             Began as a Gnoll Conjurer on Apr 14, 2022.
             Slain by Crazy Yiuf
             ... wielding a +2 quarterstaff of chaos
              (15 damage)
             ... on level 2 of the Dungeon.
             The game lasted 00:05:19 (2406 turns).

rabbitsville the Conjurer (Gnoll Conjurer)          Turns: 2406, Time: 00:05:20

Health: 0/44       AC:  2    Str:  6    XL:     6   Next: 27%
Magic:  8/14       EV: 13    Int: 20    God:
Gold:   80         SH:  0    Dex: 10    Spells: 12/15 levels left

rFire   + . .      SeeInvis .   g - +1 quarterstaff (spect)
rCold   . . .      Faith    .   (shield currently unavailable)
rNeg    . . .      Spirit   .   a - +0 robe
rPois   .          Reflect  .   (no helmet)
rElec   .          Harm     .   (no cloak)
rCorr   .          Rampage  .   (no gloves)
Will    .....                   (no boots)
Stlth   ++........              (no amulet)
HPRegen 0.14/turn               q - ring of protection from fire
MPRegen 0.14/turn               (no ring)

@: mighty
A: fangs 1, strong nose, distributed training
a: no special abilities


You were on level 2 of the Dungeon.
You visited 1 branch of the dungeon, and saw 2 of its levels.

You collected 80 gold pieces.

Inventory:

Hand Weapons
 g - a +1 spectral quarterstaff (weapon)
Armour
 a - a +0 robe (worn)
Magical Staves
 c - a staff of air
Jewellery
 q - a ring of protection from fire (left hand)
Wands
 n - a wand of digging (7)
Scrolls
 f - a scroll of identify {unknown}
 h - a scroll of enchant armour {unknown}
 i - a scroll of amnesia {unknown}
 j - a scroll of enchant weapon {unknown}
 l - a scroll of silence {unknown}
 o - a scroll of vulnerability {unknown}
Potions
 b - a potion of magic
 d - a potion of degeneration {unknown}
 e - 2 potions of brilliance {unknown}
 k - a potion of might {unknown}
 m - 3 potions of curing {unknown}
 p - 3 potions of cancellation {unknown}


   Skills:
 + Level 1.9 Fighting
 + Level 1.9 Short Blades
 + Level 1.9 Long Blades
 + Level 1.9 Axes
 + Level 1.9 Maces & Flails
 + Level 1.9 Polearms
 + Level 1.9 Staves
 + Level 1.9 Slings
 + Level 1.9 Bows
 + Level 1.9 Crossbows
 + Level 1.9 Throwing
 + Level 1.9 Armour
 + Level 4.9 Dodging
 + Level 4.5 Stealth
 + Level 1.9 Shields
 + Level 1.9 Unarmed Combat
 + Level 5.3 Spellcasting
 + Level 7.2 Conjurations
 + Level 1.5 Hexes
 + Level 1.5 Summonings
 + Level 1.5 Necromancy
 + Level 1.5 Translocations
 + Level 1.5 Transmutations
 + Level 1.5 Fire Magic
 + Level 1.5 Ice Magic
 + Level 1.5 Air Magic
 + Level 1.5 Earth Magic
 + Level 1.5 Poison Magic
 + Level 2.1 Invocations
 + Level 1.9 Evocations


You had 12 spell levels left.
You knew the following spells:

 Your Spells              Type           Power      Damage    Failure   Level
a - Magic Dart            Conj           100%       1d8       1%          1
b - Searing Ray           Conj           68%        2d6       1%          2

Your spell library contained the following spells:

 Spells                   Type           Power      Damage    Failure   Level
 Dazzling Flash           Conj/Hex       44%        N/A       5%          3
 Beastly Appendage        Tmut           22%        N/A       6%          1
 Wereblood                Tmut           11%        N/A       9%          2
 Spider Form              Tmut/Pois      11%        N/A       19%         3
 Fulminant Prism          Conj/Hex       11%        3d9       19%         4
 Iskenderun's Mystic Bla  Conj/Tloc      22%        2d6       19%         4


Dungeon Overview and Level Annotations

Branches:
Dungeon (2/15)

Altars:

Annotations:
D:2 Crazy Yiuf


Innate Abilities, Weirdness & Mutations

You have very sharp teeth.
Your uncanny sense of smell can sniff out nearby items.
Your experience applies equally to all skills.


Message History

The fungus is lightly damaged.
A nearby fungus withers and dies.
Found a jewelled mace.
Found a runed translucent door.
A nearby fungus withers and dies.
Crazy Yiuf shouts!
As you open the door, it creaks loudly!
The searing ray hits Crazy Yiuf.
Crazy Yiuf is lightly wounded. (Press . to maintain the ray.) Crazy Yiuf hits you with a +2 quarterstaff of chaos!
You feel very mighty all of a sudden.
The searing ray hits Crazy Yiuf!
Crazy Yiuf is heavily wounded.
Crazy Yiuf hits you with a +2 quarterstaff of chaos.
Crazy Yiuf burns you.
The searing ray hits Crazy Yiuf.
Crazy Yiuf is heavily wounded.
Crazy Yiuf closely misses you.
The searing ray misses Crazy Yiuf.
You finish channelling your searing ray.
Crazy Yiuf screams, "Leather rumpyflump sing!"
Crazy Yiuf closely misses you.
The searing ray hits Crazy Yiuf.
Crazy Yiuf is almost dead. (Press . to maintain the ray.) Crazy Yiuf completely misses you.
You completely miss Crazy Yiuf.
Crazy Yiuf is almost dead.
Crazy Yiuf closely misses you.
You hit Crazy Yiuf but do no damage. Your bite misses Crazy Yiuf.
Crazy Yiuf is almost dead.
Crazy Yiuf grits, "Goldfish infinity tea!"
Crazy Yiuf hits you with a +2 quarterstaff of chaos! x2
You die...

#...................
####################
##### #..)# #####
#...# #.... ...
#####.... #g#
####........ ♣♣@♣
#<.........# ♣.♣♣
##.........# ♣♣.♣
#..........# ♣.♣♣
#....#####.. ♣♣.♣♣
#....#...... ♣...♣♣
#........... ♣♣.PP♣
#...##...... ##..##
#...##...... #....#
##...##......


You could see Crazy Yiuf.

Vanquished Creatures
  Sigmund (D:2)
  Jessica (D:2)
  5 adders (D:2)
  A worm (D:2)
  3 dart slugs
  An endoplasm (D:2)
  4 giant cockroaches
  3 hobgoblins (D:2)
  4 jackals (D:1)
  4 quokkas
  A ball python (D:1)
  2 bats
  A frilled lizard (D:2)
  4 goblins
  3 kobolds (D:1)
  3 rats
41 creatures vanquished.

Vanquished Creatures (others)
  3 fungi (D:2)
3 creatures vanquished.

Grand Total: 44 creatures vanquished

Notes
Turn   | Place    | Note
-------+----------+-------------------------------------------
     0 | D:1      | rabbitsville the Gnoll Conjurer began the quest for the
                  | Orb.
     0 | D:1      | Reached XP level 1. HP: 13/13 MP: 6/6
   251 | D:1      | Reached XP level 2. HP: 16/19 MP: 2/7
   254 | D:1      | Learned a level 2 spell: Searing Ray
   393 | D:1      | Found a faded altar of an unknown god.
   999 | D:2      | Reached XP level 3. HP: 25/25 MP: 5/9
  1047 | D:2      | Reached skill level 5 in Spellcasting
  1047 | D:2      | Noticed Jessica
  1052 | D:2      | Killed Jessica
  1053 | D:2      | Reached skill level 1 in Fighting
  1053 | D:2      | Reached skill level 1 in Short Blades
  1053 | D:2      | Reached skill level 1 in Long Blades
  1053 | D:2      | Reached skill level 1 in Axes
  1053 | D:2      | Reached skill level 1 in Maces & Flails
  1053 | D:2      | Reached skill level 1 in Polearms
  1053 | D:2      | Reached skill level 1 in Staves
  1053 | D:2      | Reached skill level 1 in Slings
  1053 | D:2      | Reached skill level 1 in Bows
  1053 | D:2      | Reached skill level 1 in Crossbows
  1053 | D:2      | Reached skill level 1 in Throwing
  1053 | D:2      | Reached skill level 1 in Armour
  1053 | D:2      | Reached skill level 1 in Shields
  1053 | D:2      | Reached skill level 1 in Unarmed Combat
  1053 | D:2      | Reached skill level 1 in Invocations
  1053 | D:2      | Reached skill level 1 in Evocations
  1193 | D:2      | Reached XP level 4. HP: 32/32 MP: 6/11
  1356 | D:2      | Reached skill level 1 in Hexes
  1356 | D:2      | Reached skill level 1 in Summonings
  1356 | D:2      | Reached skill level 1 in Necromancy
  1356 | D:2      | Reached skill level 1 in Translocations
  1356 | D:2      | Reached skill level 1 in Transmutations
  1356 | D:2      | Reached skill level 1 in Fire Magic
  1356 | D:2      | Reached skill level 1 in Ice Magic
  1356 | D:2      | Reached skill level 1 in Air Magic
  1356 | D:2      | Reached skill level 1 in Earth Magic
  1356 | D:2      | Reached skill level 1 in Poison Magic
  1653 | D:2      | Noticed Sigmund
  1670 | D:2      | Killed Sigmund
  1671 | D:2      | Reached XP level 5. HP: 25/38 MP: 3/12
  1671 | D:2      | Reached XP level 6. HP: 29/44 MP: 3/14
  2395 | D:2      | Found a runed translucent door.
  2396 | D:2      | Noticed Crazy Yiuf
  2406 | D:2      | Slain by Crazy Yiuf

Illustrated notes

Levels and vault maps discovered:
D:1:      dpeg_arrival_brainrot, layout_rooms, chequers_ecumenical_altar_simple,
          patterned_corridor
D:2:      layout_basic, uniq_crazy_yiuf_cottage, uniq_sigmund, uniq_jessica

Skill      XL: |  1  2  3  4 |
---------------+-------------+-----
Spellcasting   | 5 |  5.3
Fighting       | 1 |  1.9
Short Blades   | 1 |  1.9
Long Blades    | 1 |  1.9
Axes           | 1 |  1.9
Maces & Flails | 1 |  1.9
Polearms       | 1 |  1.9
Staves         | 1 |  1.9
Slings         | 1 |  1.9
Bows           | 1 |  1.9
Crossbows      | 1 |  1.9
Throwing       | 1 |  1.9
Armour         | 1 |  1.9
Shields        | 1 |  1.9
Unarmed Combat | 1 |  1.9
Invocations    | 1 2 |  2.1
Evocations     | 1 |  1.9
Hexes          | 1 |  1.5
Summonings     | 1 |  1.5
Necromancy     | 1 |  1.5
Translocations | 1 |  1.5
Transmutations | 1 |  1.5
Fire Magic     | 1 |  1.5
Ice Magic      | 1 |  1.5
Air Magic      | 1 |  1.5
Earth Magic    | 1 |  1.5
Poison Magic   | 1 |  1.5
Dodging        | |  4.9
Stealth        | |  4.5
Conjurations   | |  7.2

Action                   |  1- 3 |  4- 6 || total
-------------------------+-------+-------++-------
Melee: Quarterstaff      |       |    23 ||    23
       Bite              |       |     5 ||     5
 Cast: Magic Dart        |    55 |    33 ||    88
       Searing Ray       |     1 |     5 ||     6
Armor: Robe              |     1 |       ||     1
Dodge: Dodged            |     1 |     6 ||     7

Table legend: (Time is in decaauts)
 A = Elapsed time spent in this place.
 B = Non-inter-level travel time spent in this place.
 C = Inter-level travel time spent in this place.
 D = Time resting spent in this place.
 E = Time spent auto-exploring this place.
 F = Levels seen in this place.
 G = Mean time per level.
                   A        B        C        D        E       F      G
               +--------+--------+--------+--------+--------+-----+--------+
         Total |   2408 |   2370 |     38 |    102 |   2038 |   2 | 1204.0 |
       Dungeon |   2408 |   2370 |     38 |    102 |   2038 |   2 | 1204.0 |
               +--------+--------+--------+--------+--------+-----+--------+

Top non-repeatable levels by time:
     D:2: 1423 daAuts
     D:1: 985 daAuts
